NCAA
CALIFORNIA GOLDEN BEARS @ TENNESSEE VOLUNTEERS
05/20/2030
 
TOP OF THE 1ST
California Golden Bears batting - Pitching for Tennessee Volunteers : RHP José Pérez
Pitching: RHP José Pérez
Batting: RHB Ricardo Flores 0-0: Ball
1-0: Ball
2-0: Ball
3-0: Foul Ball, location: 2F
3-1: SINGLE (Line Drive, 6M)
Batting: RHB Sergio González 0-0: Called Strike
0-1: Swinging Strike
0-2: Ball
1-2: Strikes out swinging
Batting: LHB Kevin Carter 0-0: Ball
1-0: Called Strike
1-1: Ball
2-1: Ball
3-1: Swinging Strike
3-2: Base on Balls
Ricardo Flores to second
Batting: RHB Greg Brown 0-0: Ball
Passed Ball!
Ricardo Flores to third
Kevin Carter to second
1-0: Hit by Pitch
Batting: SHB John Allen 0-0: Ball
1-0: Ball
2-0: Ball
3-0: Called Strike
3-1: Base on Balls
Ricardo Flores scores
Kevin Carter to third
Greg Brown to second
Batting: LHB Benny Marte 0-0: Swinging Strike
0-1: Called Strike
0-2: Ball
1-2: Ball
2-2: Strikes out swinging
Batting: LHB Otis Johnston 0-0: Ground out 4-3 (Groundball, 4)
Top of the 1st over - 1 run, 1 hit, 0 errors, 3 left on base; California 1 - Tennessee 0
BOTTOM OF THE 1ST
Tennessee Volunteers batting - Pitching for California Golden Bears : LHP Bob Powell
Pitching: LHP Bob Powell
Batting: RHB Jim Mak 0-0: Ground out 4-3 (Groundball, 4)
Batting: RHB Silas Austin 0-0: Called Strike
0-1: Ground out 4-3 (Groundball, 4)
Batting: RHB Rodney Walker 0-0: Called Strike
0-1: Ball
1-1: Called Strike
1-2: Ball
2-2: Foul Ball, location: 2F
2-2: Ball
3-2: Foul Ball, location: 2F
3-2: Ground out 5-3 (Groundball, 56S)
Bottom of the 1st over - 0 runs, 0 hits, 0 errors, 0 left on base; California 1 - Tennessee 0
TOP OF THE 2ND
California Golden Bears batting - Pitching for Tennessee Volunteers : RHP José Pérez
Batting: RHB Merlin Miller 0-0: Called Strike
0-1: Called Strike
0-2: Ball
1-2: Strikes out swinging
Batting: RHB Clyde MacCodrum 0-0: Ground out 4-3 (Groundball, 4)
Batting: RHB Ricardo Flores 0-0: Swinging Strike
0-1: Called Strike
0-2: Foul Ball, location: 2F
0-2: Ball
1-2: Foul Ball, location: 2F
1-2: Foul Ball, location: 2F
1-2: Foul Ball, location: 2F
1-2: Ground out 5-3 (Groundball, 5)
Top of the 2nd over - 0 runs, 0 hits, 0 errors, 0 left on base; California 1 - Tennessee 0
BOTTOM OF THE 2ND
Tennessee Volunteers batting - Pitching for California Golden Bears : LHP Bob Powell
Batting: LHB Carl Coffman 0-0: Ball
1-0: Swinging Strike
1-1: Ground out 5-3 (Groundball, 56S)
Batting: RHB Ronnie Wilson 0-0: Ball
1-0: Ball
2-0: Foul Ball, location: 2F
2-1: Ball
3-1: Base on Balls
Batting: RHB Zak Hall 0-0: Ball
1-0: Called Strike
1-1: Foul Ball, location: 2F
1-2: Ball
2-2: Fly out, F3 (Popup, 3S)
Batting: LHB Joe Bourland 0-0: Ball
1-0: SINGLE (Line Drive, 89S)
Ronnie Wilson to second
Batting: RHB Chris Harper 0-0: Ball
1-0: Ball
2-0: Swinging Strike
2-1: Ball
3-1: Called Strike
3-2: Ground out 6-3 (Groundball, 6)
Bottom of the 2nd over - 0 runs, 1 hit, 0 errors, 2 left on base; California 1 - Tennessee 0
TOP OF THE 3RD
California Golden Bears batting - Pitching for Tennessee Volunteers : RHP José Pérez
Batting: RHB Sergio González 0-0: Ball
1-0: Swinging Strike
1-1: Ball
2-1: Ball
3-1: Base on Balls
Batting: LHB Kevin Carter 0-0: Ball
1-0: SINGLE (Flyball, 89S)
Sergio González to second
Batting: RHB Greg Brown 0-0: Ball
1-0: Swinging Strike
1-1: Called Strike
1-2: Foul Ball, location: 2F
1-2: Strikes out swinging
Batting: SHB John Allen 0-0: Called Strike
0-1: Ball
1-1: Swinging Strike
1-2: Ball
2-2: Foul Ball, location: 2F
2-2: Foul Ball, location: 2F
2-2: Ball
3-2: Foul Ball, location: 2F
3-2: Foul Ball, location: 2F
3-2: Base on Balls
Sergio González to third
Kevin Carter to second
Batting: LHB Benny Marte 0-0: Foul Ball, location: 2F
0-1: Swinging Strike
0-2: Grounds into double play, 4-6-3 (Groundball, 4)
Top of the 3rd over - 0 runs, 1 hit, 0 errors, 2 left on base; California 1 - Tennessee 0
BOTTOM OF THE 3RD
Tennessee Volunteers batting - Pitching for California Golden Bears : LHP Bob Powell
Batting: RHB John Pickup 0-0: Foul Ball, location: 2F
0-1: Ball
1-1: SINGLE (Line Drive, 89S)
Batting: RHB Jim Mak 0-0: Ball
Throwing error on steal attempt, E2
John Pickup to third
1-0: Swinging Strike
1-1: Swinging Strike
1-2: Strikes out swinging
Batting: RHB Silas Austin 0-0: Ball
1-0: Called Strike
1-1: Ball
2-1: Ball
3-1: Base on Balls
Batting: RHB Rodney Walker 0-0: Ball
1-0: Swinging Strike
1-1: Called Strike
1-2: Ball
2-2: Ground out 5-3 (Groundball, 56S)
John Pickup scores
Silas Austin to second
Batting: LHB Carl Coffman 0-0: Ball
1-0: Foul Ball, location: 2F
1-1: SINGLE (Flyball, 8RS)
Silas Austin to third
Runner from 3rd tries for Home, SAFE, no throw
Batting: RHB Ronnie Wilson 0-0: Foul Ball, location: 2F
0-1: Foul Ball, location: 2F
0-2: Foul Ball, location: 2F
0-2: Strikes out swinging
Bottom of the 3rd over - 2 runs, 2 hits, 1 error, 1 left on base; California 1 - Tennessee 2
TOP OF THE 4TH
California Golden Bears batting - Pitching for Tennessee Volunteers : RHP José Pérez
Batting: LHB Otis Johnston 0-0: Called Strike
0-1: Ground out 4-3 (Groundball, 4)
Batting: RHB Merlin Miller 0-0: Called Strike
0-1: Swinging Strike
0-2: Foul Ball, location: 2F
0-2: Foul Ball, location: 2F
0-2: Ball
1-2: SINGLE (Line Drive, 7S)
Pitching: RHP Carl Brady
Batting: RHB Clyde MacCodrum 0-0: Ball
1-0: Ball
2-0: Ball
3-0: Called Strike
3-1: Base on Balls
Merlin Miller to second
Batting: RHB Ricardo Flores 0-0: Ball
1-0: Foul Ball, location: 2F
1-1: Ball
2-1: Ball
3-1: Foul Ball, location: 2F
3-2: Base on Balls
Merlin Miller to third
Clyde MacCodrum to second
Batting: RHB Sergio González 0-0: Called Strike
0-1: Ball
1-1: Ball
2-1: Hit by Pitch
Merlin Miller scores
Clyde MacCodrum to third
Ricardo Flores to second
Batting: LHB Kevin Carter 0-0: Ball
1-0: Foul Ball, location: 2F
1-1: Ball
2-1: Called Strike
2-2: Ball
3-2: Foul Ball, location: 2F
3-2: Foul Ball, location: 2F
3-2: Foul Ball, location: 2F
3-2: Base on Balls
Clyde MacCodrum scores
Ricardo Flores to third
Sergio González to second
Batting: RHB Greg Brown 0-0: Foul Ball, location: 2F
0-1: Ball
1-1: Ball
2-1: Fly out, F8 (Line Drive, 89M)
Runner from 3rd tags up, SCORES, no throw
Batting: SHB John Allen 0-0: Swinging Strike
0-1: Ball
1-1: Called Strike
1-2: Strikes out swinging
Top of the 4th over - 3 runs, 1 hit, 0 errors, 2 left on base; California 4 - Tennessee 2
BOTTOM OF THE 4TH
Tennessee Volunteers batting - Pitching for California Golden Bears : LHP Bob Powell
Batting: RHB Zak Hall 0-0: Foul Ball, location: 2F
0-1: Ball
1-1: SINGLE (Flyball, 89S)
Batting: LHB Joe Bourland 0-0: Called Strike
0-1: Ball
1-1: Ball
2-1: Foul Ball, location: 2F
2-2: Foul Ball, location: 2F
2-2: Ball
3-2: Foul Ball, location: 2F
3-2: Foul Ball, location: 2F
3-2: Foul Ball, location: 2F
3-2: Ground out 4-3 (Groundball, 4S)
Zak Hall to second
Batting: RHB Chris Harper 0-0: Swinging Strike
0-1: Ball
1-1: Ball
2-1: Called Strike
2-2: Strikes out swinging
Batting: RHB John Pickup 0-0: Ball
1-0: Ball
2-0: Swinging Strike
2-1: Ball
3-1: Base on Balls
Pitching: LHP Steven Lyon
Batting: RHB Jim Mak 0-0: Fly out, F9 (Flyball, 9D)
Bottom of the 4th over - 0 runs, 1 hit, 0 errors, 2 left on base; California 4 - Tennessee 2
TOP OF THE 5TH
California Golden Bears batting - Pitching for Tennessee Volunteers : RHP Carl Brady
Batting: LHB Benny Marte 0-0: Called Strike
0-1: Called Strike
0-2: Ball
1-2: Reached via error on a dropped throw, E3
Batting: LHB Otis Johnston Pickoff Throw to First - Out!
0-0: Swinging Strike
0-1: Foul Ball, location: 2F
0-2: Strikes out swinging
Batting: RHB Merlin Miller 0-0: Ball
1-0: Foul Ball, location: 2F
1-1: SINGLE (Flyball, 9LS)
Batting: RHB Clyde MacCodrum 0-0: Swinging Strike
0-1: Ball
1-1: Ball
2-1: Ball
3-1: Base on Balls
Merlin Miller to second
Pitching: RHP Ramón Silva
Batting: RHB Ricardo Flores 0-0: Ball
1-0: Ball
2-0: Foul Ball, location: 2F
2-1: Ground out 5-3 (Groundball, 56S)
Top of the 5th over - 0 runs, 1 hit, 1 error, 2 left on base; California 4 - Tennessee 2
BOTTOM OF THE 5TH
Tennessee Volunteers batting - Pitching for California Golden Bears : LHP Steven Lyon
Batting: RHB Silas Austin 0-0: Called Strike
0-1: Ball
1-1: Ball
2-1: Ball
3-1: Base on Balls
Batting: RHB Rodney Walker 0-0: Ball
1-0: Foul Ball, location: 2F
1-1: Called Strike
1-2: Strikes out swinging
Batting: LHB Carl Coffman 0-0: Called Strike
0-1: Swinging Strike
0-2: Ball
1-2: SINGLE (Groundball, 4D)
Silas Austin to second
Runner from 2nd tries for 3rd, SAFE, no throw
Batting: RHB Ronnie Wilson 0-0: Ball
1-0: Ball
2-0: Foul Ball, location: 2F
2-1: Foul Ball, location: 2F
2-2: Foul Ball, location: 2F
2-2: Strikes out swinging
Batting: RHB Zak Hall 0-0: Fly out, F1 (Line Drive, 15)
Bottom of the 5th over - 0 runs, 1 hit, 0 errors, 2 left on base; California 4 - Tennessee 2
TOP OF THE 6TH
California Golden Bears batting - Pitching for Tennessee Volunteers : RHP Ramón Silva
Batting: RHB Sergio González 0-0: Called Strike
0-1: Foul Ball, location: 2F
0-2: Ball
1-2: Foul Ball, location: 2F
1-2: Foul Ball, location: 2F
1-2: DOUBLE (Line Drive, 89D)
Batting: LHB Kevin Carter 0-0: Intentional Walk
Batting: RHB Greg Brown 0-0: Ball
1-0: Called Strike
1-1: SINGLE (Line Drive, 6MD)
Sergio González to third
Kevin Carter to second
Batting: SHB John Allen 0-0: Called Strike
0-1: Ball
1-1: Called Strike
1-2: Ball
2-2: Ball
3-2: Base on Balls
Sergio González scores
Kevin Carter to third
Greg Brown to second
Batting: LHB Benny Marte 0-0: Called Strike
0-1: Foul Ball, location: 2F
0-2: Strikes out looking
Batting: LHB Otis Johnston 0-0: Ball
1-0: Called Strike
1-1: Foul Ball, location: 2F
1-2: Fly out, F7 (Flyball, 7S)
Batting: RHB Merlin Miller 0-0: Called Strike
0-1: Ball
1-1: Foul Ball, location: 2F
1-2: Ball
2-2: Ground out 4-3 (Groundball, 4)
Top of the 6th over - 1 run, 2 hits, 0 errors, 3 left on base; California 5 - Tennessee 2
BOTTOM OF THE 6TH
Tennessee Volunteers batting - Pitching for California Golden Bears : LHP Steven Lyon
Batting: LHB Joe Bourland 0-0: Ball
1-0: Ground out 6-3 (Groundball, 6)
Batting: RHB Chris Harper 0-0: DOUBLE (Line Drive, 7LM)
Batting: RHB John Pickup 0-0: Ball
Chris Harper is caught stealing 3rd base
1-0: Ground out 3-1 (Groundball, 34)
Bottom of the 6th over - 0 runs, 1 hit, 0 errors, 0 left on base; California 5 - Tennessee 2
TOP OF THE 7TH
California Golden Bears batting - Pitching for Tennessee Volunteers : RHP Ramón Silva
Batting: RHB Clyde MacCodrum 0-0: Called Strike
0-1: Foul Ball, location: 2F
0-2: Foul Ball, location: 2F
0-2: Ball
1-2: Foul Ball, location: 2F
1-2: Foul Ball, location: 2F
1-2: DOUBLE (Groundball, 5L)
Batting: RHB Ricardo Flores 0-0: Called Strike
0-1: Ball
1-1: Ball
2-1: Ball
3-1: Base on Balls
Batting: RHB Sergio González 0-0: Ball
1-0: Ball
2-0: Called Strike
2-1: Fly out, F9 (Line Drive, 9LM)
Pitching: LHP Joe Swift
Batting: LHB Kevin Carter 0-0: Called Strike
0-1: Foul Ball, location: 2F
0-2: Foul Ball, location: 2F
0-2: Ball
1-2: Ball
2-2: Foul Ball, location: 2F
2-2: Fly out, F8 (Flyball, 8RXD)
Runner from 2nd tags up, SAFE at 3rd, no throw
Pitching: RHP John Lowe
Batting: RHB Greg Brown 0-0: Ball
1-0: Ball
2-0: Called Strike
2-1: Foul Ball, location: 2F
2-2: Foul Ball, location: 2F
2-2: Foul Ball, location: 2F
2-2: Ball
3-2: Foul Ball, location: 2F
3-2: Strikes out looking
Top of the 7th over - 0 runs, 1 hit, 0 errors, 2 left on base; California 5 - Tennessee 2
BOTTOM OF THE 7TH
Tennessee Volunteers batting - Pitching for California Golden Bears : LHP Steven Lyon
Batting: RHB Jim Mak 0-0: Ball
1-0: Called Strike
1-1: Called Strike
1-2: Ground out 4-3 (Groundball, 4S)
Batting: RHB Silas Austin 0-0: Ball
1-0: Ground out 6-3 (Groundball, 6)
Batting: RHB Rodney Walker 0-0: Ball
1-0: Ball
2-0: Foul Ball, location: 2F
2-1: Ball
3-1: Fly out, F7 (Flyball, 7)
Bottom of the 7th over - 0 runs, 0 hits, 0 errors, 0 left on base; California 5 - Tennessee 2
TOP OF THE 8TH
California Golden Bears batting - Pitching for Tennessee Volunteers : RHP John Lowe
Batting: SHB John Allen 0-0: Ball
1-0: Called Strike
1-1: Ball
2-1: Called Strike
2-2: Strikes out swinging
Batting: LHB Benny Marte 0-0: Called Strike
0-1: SINGLE (Line Drive, 56)
Batting: LHB Otis Johnston 0-0: Fly out, F8 (Flyball, 8RXD)
Batting: RHB Merlin Miller 0-0: Ball
1-0: Foul Ball, location: 2F
1-1: Foul Ball, location: 2F
1-2: Foul Ball, location: 2F
1-2: Foul Ball, location: 2F
1-2: Foul Ball, location: 2F
1-2: Foul Ball, location: 2F
1-2: Ball
2-2: Ball
3-2: Strikes out looking
Top of the 8th over - 0 runs, 1 hit, 0 errors, 1 left on base; California 5 - Tennessee 2
BOTTOM OF THE 8TH
Tennessee Volunteers batting - Pitching for California Golden Bears : LHP Steven Lyon
Batting: LHB Carl Coffman 0-0: Called Strike
0-1: Ball
1-1: Ball
2-1: Swinging Strike
2-2: Fly out, F5 (Line Drive, 5S)
Batting: RHB Ronnie Wilson 0-0: Ball
1-0: Ball
2-0: Foul Ball, location: 2F
2-1: Ball
3-1: Base on Balls
Batting: RHB Zak Hall 0-0: Called Strike
0-1: Ball
1-1: Ball
2-1: Foul Ball, location: 2F
2-2: 2-RUN HOME RUN (Flyball, 7LD), Distance : 316 ft
Pitching: LHP Eddie Hickey
Batting: LHB Joe Bourland 0-0: Ball
1-0: Ball
2-0: Swinging Strike
2-1: Foul Ball, location: 2F
2-2: Foul Ball, location: 2F
2-2: Foul Ball, location: 2F
2-2: Strikes out looking
Batting: RHB Chris Harper 0-0: Ball
1-0: Foul Ball, location: 2F
1-1: Fly out, F6 (Popup, 6S)
Bottom of the 8th over - 2 runs, 1 hit, 0 errors, 0 left on base; California 5 - Tennessee 4
TOP OF THE 9TH
California Golden Bears batting - Pitching for Tennessee Volunteers : RHP John Lowe
Batting: RHB Clyde MacCodrum 0-0: Ball
1-0: Foul Ball, location: 2F
1-1: Ball
2-1: Foul Ball, location: 2F
2-2: Foul Ball, location: 2F
2-2: Strikes out swinging
Batting: RHB Ricardo Flores 0-0: Foul Ball, location: 2F
0-1: Foul Ball, location: 2F
0-2: Foul Ball, location: 2F
0-2: Strikes out looking
Batting: RHB Sergio González 0-0: Called Strike
0-1: SOLO HOME RUN (Flyball, 7LD), Distance : 317 ft
Batting: LHB Kevin Carter 0-0: SINGLE (Line Drive, 34)
Batting: RHB Greg Brown 0-0: Ball
1-0: Ball
2-0: Ball
3-0: Called Strike
3-1: Base on Balls
Kevin Carter to second
Batting: SHB John Allen 0-0: Called Strike
0-1: SINGLE (Groundball, 4S) (infield hit)
Kevin Carter to third
Greg Brown to second
Batting: LHB Benny Marte 0-0: Called Strike
0-1: Called Strike
0-2: Ball
1-2: Foul Ball, location: 2F
1-2: SINGLE (Groundball, 34D)
Kevin Carter scores
Greg Brown to third
John Allen to second
Runner from 3rd tries for Home, SAFE, no throw
Pitching: RHP Nick Reyes
Batting: LHB Otis Johnston 0-0: Ball
1-0: Called Strike
1-1: Ball
2-1: Ball
3-1: SINGLE (Flyball, 9S)
John Allen to third
Benny Marte to second
Batting: RHB Merlin Miller 0-0: Swinging Strike
0-1: Foul Ball, location: 2F
0-2: Strikes out looking
Top of the 9th over - 3 runs, 5 hits, 0 errors, 3 left on base; California 8 - Tennessee 4
BOTTOM OF THE 9TH
Tennessee Volunteers batting - Pitching for California Golden Bears : LHP Eddie Hickey
Pitching: RHP Esteban Ortega
Batting: RHB John Pickup 0-0: Called Strike
0-1: Swinging Strike
0-2: Ball
1-2: Ball
2-2: Ball
3-2: Ground out 4-3 (Groundball, 4)
Batting: RHB Jim Mak 0-0: Ball
1-0: Called Strike
1-1: Ball
2-1: Ball
3-1: Foul Ball, location: 2F
3-2: Base on Balls
Batting: RHB Silas Austin 0-0: Ball
1-0: Ball
2-0: Ground out 4-3 (Groundball, 4S)
Jim Mak to second
Batting: RHB Rodney Walker 0-0: Ball
1-0: Called Strike
1-1: Ball
2-1: Ball
3-1: Fly out, F8 (Flyball, 78D)
Bottom of the 9th over - 0 runs, 0 hits, 0 errors, 1 left on base; California 8 - Tennessee 4
Saturday, April 7th, 2018 - OOTP Baseball 18.8 Build 76